 Seeded DCSS version 0.30-a0-1082-g70414cbcbb (webtiles) character file.

Game seed: 5393717070854087887 (custom seed)

568 Mickster the Chopper (level 7, -7/61 HPs)
             Began as a Hill Orc Berserker on Apr 15, 2023.
             Was a Follower of Trog.
             Mangled by a vampire (8 damage)
             ... on level 6 of the Dungeon.
             The game lasted 00:36:50 (3544 turns).

Mickster the Chopper (Hill Orc Berserker)           Turns: 3544, Time: 00:36:53

Health: -7/61      AC: 14    Str: 21 (22) XL:     7   Next: 33%
Magic:  0/7        EV:  9    Int:  9      God:    Trog [*.....]
Gold:   167        SH:  0    Dex: 17      Spells: 6/6 levels left

rFire   + . .      SeeInvis .    p - +0 quarterstaff of Bellicose Offence {heavy, rElec Int+2 Dex+7 Stlth-}
rCold   . . .      Faith    .    (shield currently unavailable)
rNeg    . . .      Spirit   +    q - +0 chain mail
rPois   .          Reflect  .    (no helmet)
rElec   +          Rampage  .    t - scarf {repulsion}
rCorr   .                        d - +0 pair of gloves
Will    .....                    (no boots) Stlth
                                 h - amulet of guardian spirit
HPRegen 0.30/turn                g - ring of protection from fire
MPRegen 0.10/turn                b - +4 ring of protection

@: on berserk cooldown, slowed, repel missiles, very slow
A: no striking features
a: Renounce Religion, Berserk


You were on level 6 of the Dungeon.
You worshipped Trog.
Trog was aware of your devotion.
You visited 1 branch of the dungeon, and saw 6 of its levels.

You collected 167 gold pieces.

Inventory:

Hand Weapons
 a - a +0 hand axe
 e - a +2 vampiric dagger
 p - the +0 quarterstaff of Bellicose Offence (weapon) {heavy, rElec Int+2 Dex+7 Stlth-}
   (You found it on level 5 of the Dungeon)

   Int:       It affects your intelligence (+2).
   Dex:       It affects your dexterity (+7).
   rElec:     It insulates you from electricity.
   Stlth:     It makes you less stealthy.
Missiles
 j - 9 poisoned darts (quivered)
Armour
 d - a +0 pair of gloves (worn)
 q - a +0 chain mail (worn)
 t - a scarf of repulsion (worn)
Jewellery
 b - a +4 ring of protection (right hand)
 g - a ring of protection from fire (left hand)
 h - an amulet of guardian spirit (around neck)
 r - an amulet of guardian spirit
Scrolls
 c - a scroll of identify
 f - 2 scrolls of teleportation
 n - a scroll of fear
Potions
 i - a potion of resistance
 k - a potion of magic
 l - 3 potions of heal wounds
 m - 2 potions of might {unknown}
 o - a potion of brilliance {unknown}
 s - a potion of haste {unknown}


   Skills:
 + Level 5.0 Fighting
 - Level 1.0 Short Blades
 - Level 7.6 Axes
 * Level 1.2 Staves
 + Level 4.3 Armour
 + Level 2.6 Dodging
 + Level 0.3 Stealth


You had 6 spell levels left.
You didn't know any spells.
Your spell library was empty.

Dungeon Overview and Level Annotations

Branches:
Dungeon (6/15)             Temple (0/1) D:4

Altars:
Ru

Shops:
D:1 [   D:2 [


Message History

Something hits you. Something bites you.
Something draws strength from your injuries!
The phantom closely misses you.
You barely miss the phantom. Something hits you but does no damage.
Something bites you but does no damage.
The phantom hits you but does no damage.
Something hits you but does no damage. Something bites you!
Something draws strength from your injuries!
The phantom hits you but does no damage.
You closely miss the phantom. Something hits you but does no damage.
Something bites you.
Something draws strength from your injuries!
The phantom hits you. Something hits you but does no damage.
Something bites you.
Something draws strength from your injuries!
The phantom closely misses you.
The phantom hits you but does no damage.
Something hits you but does no damage. Something bites you but does no damage.
You closely miss the phantom. Something hits you but does no damage.
Something bites you.
Something draws strength from your injuries!
The phantom hits you but does no damage.
Something hits you but does no damage. Something bites you.
* * * LOW HITPOINT WARNING * * *
Something draws strength from your injuries!
The phantom barely misses you. Something hits you!
* * * LOW HITPOINT WARNING * * *
Something bites you.
* * * LOW HITPOINT WARNING * * *
Something draws strength from your injuries!
The phantom hits you.
* * * LOW HITPOINT WARNING * * *
You closely miss the phantom. Something hits you but does no damage.
Something bites you.
* * * LOW HITPOINT WARNING * * *
Something draws strength from your injuries!
The phantom barely misses you. Something hits you.
* * * LOW HITPOINT WARNING * * *
Something bites you!
You die...

## #.####.
#......#######
##..<.....#
#..........#
#.###...W..#
+. +..{@..+
#......#
#......#
#......#
#......#
#......#
#......#
######..


You could see a phantom.

Vanquished Creatures
  A sky beast (D:4)
  An ogre (D:5)
  A phantom (D:5)
  A howler monkey (D:4)
  4 hounds
  2 iguanas (D:5)
  A sleepcap (D:5)
  3 adders
  A shadow imp (D:5)
  A white imp (D:5)
  2 worms
  An orc (D:3)
  A ball python (D:1)
  2 endoplasms
  6 giant cockroaches
  6 hobgoblins
  A quokka (D:2)
  3 frilled lizards
  3 goblins
  3 kobolds
  4 rats
48 creatures vanquished.

Notes
Turn   | Place    | Note
-------+----------+-------------------------------------------
     0 | D:1      | Mickster the Hill Orc Berserker began the quest for the
                  | Orb.
     0 | D:1      | Reached XP level 1. HP: 19/19 MP: 1/1
   235 | D:1      | Reached XP level 2. HP: 27/27 MP: 2/2
   442 | D:1      | Found Hiciafyf's Armour Emporium.
   672 | D:2      | Found Taolous's Antique Armour Emporium.
   676 | D:2      | Reached skill level 1 in Short Blades
   676 | D:2      | Reached XP level 3. HP: 15/33 MP: 3/3
  1030 | D:3      | Reached ** piety under Trog
  1101 | D:3      | Reached XP level 4. HP: 40/40 MP: 4/4
  1267 | D:3      | Reached skill level 5 in Axes
  1363 | D:4      | Reached XP level 5. HP: 47/47 MP: 2/5
  1394 | D:4      | Reached skill level 6 in Axes
  1416 | D:4      | Noticed a sky beast
  1462 | D:4      | HP: 1/47 [sky beast (5)]
  1465 | D:4      | Killed a sky beast
  1466 | D:4      | Reached XP level 6. HP: 3/53 MP: 0/6
  1893 | D:4      | Found a sacrificial altar of Ru.
  1945 | D:4      | Found a staircase to the Ecumenical Temple.
  2547 | D:5      | Entered Level 5 of the Dungeon
  2813 | D:5      | Reached skill level 7 in Axes
  3082 | D:5      | Identified the +0 quarterstaff of Bellicose Offence {heavy,
                  | rElec Int+2 Dex+7 Stlth-}
  3192 | D:5      | Reached XP level 7. HP: 60/60 MP: 7/7
  3422 | D:5      | Reached skill level 5 in Fighting
  3422 | D:5      | Reached skill level 1 in Staves
  3529 | D:6      | Noticed a vampire
  3544 | D:6      | HP: 1/61 [something (4)]
  3544 | D:6      | Mangled by a vampire

Illustrated notes

Levels and vault maps discovered:
D:1:      nicolae_arrival_memento_mori, layout_basic, serial_shops, shop,
          minmay_tetromino_s2
D:2:      layout_loops_corners, basic_ecumenical_altar, serial_shops,
          nicolae_shop_tiny_glass
D:3:      layout_loops_corners, kiku_gazebo_garden_becter,
          overflow_temple_1_default, mainiacjoe_overflow_alcove_2
D:4:      layout_cave_pods, mainiacjoe_overflow_concentric_impassable,
          minmay_temple_entry_purple_smoke
D:5:      layout_cave_pools
D:6:      layout_basic, mainiacjoe_overflow_brackets, lemuel_crystal_altar,
          chequers_garden, grunt_decor_resistance, uniq_sigmund

Skill      XL: |  1  2  3  4  5  6  7 |
---------------+----------------------+-----
Fighting       | 4 5 |  5.0
Short Blades   | 1 |  1.0
Dodging        | 2 |  2.6
Axes           | 5 6 7 |  7.6
Armour         | 3 4 |  4.3
Staves         | 1 |  1.2
Stealth        | |  0.3

Action                     |  1- 3 |  4- 6 |  7- 9 || total
---------------------------+-------+-------+-------++-------
  Melee: Hand axe          |    92 |   140 |       ||   232
         Dagger            |    40 |       |       ||    40
         Punch             |     3 |     3 |       ||     6
         Quarterstaff      |       |     1 |    28 ||    29
 Invoke: Berserk           |       |     3 |     2 ||     5
         Trog's Hand       |       |     2 |       ||     2
    Use: Scroll            |     6 |     6 |       ||    12
         Potion            |       |     2 |       ||     2
 Armour: Ring mail         |    54 |   101 |       ||   155
         Animal skin       |     2 |       |       ||     2
         Chain mail        |       |       |    24 ||    24
  Dodge: Dodged            |    66 |    97 |    19 ||   182

Table legend: (Time is in decaauts)
 A = Elapsed time spent in this place.
 B = Non-inter-level travel time spent in this place.
 C = Inter-level travel time spent in this place.
 D = Time resting spent in this place.
 E = Time spent auto-exploring this place.
 F = Levels seen in this place.
 G = Mean time per level.
                   A        B        C        D        E       F      G
               +--------+--------+--------+--------+--------+-----+--------+
         Total |   3599 |   3403 |    196 |    910 |      0 |   6 |  599.8 |
       Dungeon |   3599 |   3403 |    196 |    910 |      0 |   6 |  599.8 |
               +--------+--------+--------+--------+--------+-----+--------+

Top non-repeatable levels by time:
     D:4: 1232 daAuts
     D:5: 1011 daAuts
     D:1: 601 daAuts
     D:2: 372 daAuts
     D:3: 359 daAuts
     D:6: 21 daAuts
